 Dungeon Crawl Stone Soup version 0.20-b1-24-gb21faa7 (webtiles) character file.

794 MydosGodOfBeginnings the Basher (level 7, -8/52 HPs)
             Began as a Demonspawn Chaos Knight on May 25, 2017.
             Mangled by an orc warrior
             ... wielding a +0 scimitar
              (12 damage)
             ... on level 6 of the Dungeon.
             The game lasted 00:14:18 (5237 turns).

MydosGodOfBeginnings the Basher (DsCK)              Turns: 5237, Time: 00:14:18

Health: -8/52      AC: 10    Str: 12    XL:     7   Next: 58%
Magic:  7/7        EV: 11    Int: 14    God:    Xom [...*..]
Gold:   244        SH:  0    Dex: 14    Spells: 6/6 levels left

rFire    + . .     SeeInvis .   a - +1 mace (chaos)
rCold    . . .     Gourm    .   (no shield)
rNeg     . . .     Faith    .   b - +2 leather armour
rPois    .         Spirit   .   l - +2 helmet
rElec    .         Reflect  .   (no cloak)
rCorr    +         Harm     .   (no gloves)
MR       .....     Rnd*Rage +   (no boots)
Stlth    +.........             (no amulet)
Regen    0.2/turn               o - ring of resist corrosion
MPRegen  0.1/turn               (no ring)

@: very slightly contaminated
A: slimy green scales 1, berserk 1, demonic guardian 1, fire resistance 1, flame
cloud immunity
a: Renounce Religion


You were on level 6 of the Dungeon.
You worshipped Xom.
You were a favourite toy of Xom.
You were not hungry.

You visited 1 branch of the dungeon, and saw 6 of its levels.
You also visited: Ossuary.

You collected 266 gold pieces.
You spent 22 gold pieces at shops.

Inventory:

Hand Weapons
 a - a +1 mace of chaos (weapon)
Armour
 b - a +2 leather armour (worn)
 l - a +2 helmet (worn)
Jewellery
 o - a ring of resist corrosion (left hand)
 r - an uncursed amulet of faith
Wands
 f - a wand of lightning (4/15)
Scrolls
 h - 4 scrolls of identify
 i - a scroll of teleportation
 t - a scroll of blinking
 x - a scroll of recharging
 y - a scroll of enchant armour
Potions
 e - 3 potions of might
 j - 3 potions of mutation {unknown}
 m - 5 potions of curing
 n - 3 potions of agility {unknown}
 p - 3 potions of ambrosia {unknown}
 q - 3 potions of brilliance
 s - a potion of magic {unknown}
 v - a potion of berserk rage {unknown}
 w - 2 potions of lignification {unknown}
 z - a potion of heal wounds {unknown}
Comestibles
 c - 3 bread rations
 d - 8 fruits
 g - 2 royal jellies
 k - 4 meat rations


   Skills:
 - Level 3.0 Fighting
 + Level 8.3 Maces & Flails
 - Level 1.7 Armour
 - Level 0.8 Dodging


You had 6 spell levels left.
You didn't know any spells.

Dungeon Overview and Level Annotations

Branches:
Dungeon (6/15)
 Temple: D:4-7

Altars:
Ashenzari
Dithmenos
Fedhas
Gozag
Kikubaaqudgha
Makhleb
Okawaru
Ru
Sif Muna
Uskayaw
Vehumet
Xom
Zin

Shops:
D:4 *   D:5 *


Innate Abilities, Weirdness & Mutations

You are partially covered in slimy green scales. (AC +2)
A weak demonic guardian rushes to your aid.
Your flesh is heat resistant. (rF+)
You are immune to clouds of flame.
You tend to lose your temper in combat.


Message History

The orc wizard gestures wildly while chanting.
The orc wizard blinks!
You hit the orc warrior but do no damage.
The orc warrior is moderately wounded.
The orc warrior hits you but does no damage.
You hit the orc warrior but do no damage.
The orc warrior flickers and vanishes!
Deactivating autopickup; reactivate with Ctrl-A.
Something hits you!
You barely miss something. Something hits you!
You hit something. You miss something. Something barely misses you.
You hit something but do no damage.
Nothing appears to happen.
Something hits you! Something hits you! Something hits you!
* * * LOW HITPOINT WARNING * * *
Your ufetubus hits the adder skeleton. x2
Something hits you!
You die...

.#.........#.# #........#
.#.#######.#.###........#
...(...........+........#
.#...##..#.#.###†.......#
.#...##..#.#............#
|#...##..#.#####.#'######
.#...##..#.# #.#.#########
.#...##..#.# #.#.........#
.#...##..#.#####@#.........#
.#...##..#.#..Z..#.........#
...........##5####.........#
##...########.####.........#
#.....#....5.!............#
#.....#.####.#............#
#.....#.# #.#............#
#.#.#.#.# #.#.....########
...#.#.#.# #.#.....#


You could see an adder skeleton and a friendly ufetubus.

Vanquished Creatures
  2 centaurs
  A centaur zombie (D:6)
  An orc priest (D:5)
  A hound (D:6)
  A human zombie (Ossuary)
  3 orc wizards
  A big kobold zombie (Ossuary)
  A hound skeleton (D:5)
  5 mummies (Ossuary)
  8 adders
  A shadow imp (D:5)
  3 oozes
  An adder zombie (D:5)
  2 worms
  6 leopard geckos
  12 orcs
  8 giant cockroaches
  7 goblins
  4 hobgoblins
  13 jackals
  4 quokkas
  8 bats
  5 frilled lizards
  2 goblin zombies (Ossuary)
  2 hobgoblin zombies (Ossuary)
  A jackal zombie (D:5)
  8 kobolds
  A kobold zombie (Ossuary)
  An orc zombie (Ossuary)
  8 rats
121 creatures vanquished.

Vanquished Creatures (collateral kills)
  An orc warrior (D:5)
  An ogre (D:4)
  2 orcs (D:4)
4 creatures vanquished.

Vanquished Creatures (others)
  A kobold (D:3)
1 creature vanquished.

Grand Total: 126 creatures vanquished

Notes
Turn   | Place    | Note
-------+----------+-------------------------------------------
     0 | D:1      | MydosGodOfBeginnings the Demonspawn Chaos Knight began the quest for the Orb.
     0 | D:1      | Reached XP level 1. HP: 18/18 MP: 1/1
    60 | D:1      | XOM: harmless Conj miscast
    70 | D:1      | Reached skill level 3 in Maces & Flails
   129 | D:1      | XOM: harmless Hex miscast
   191 | D:1      | XOM: silly message
   237 | D:1      | Gained mutation: You are partially covered in slimy green scales. (AC +2) [demonic ancestry]
   237 | D:1      | Reached XP level 2. HP: 24/24 MP: 2/2
   669 | D:1      | Gained mutation: Your flesh is heat resistant. (rF+) [demonic ancestry]
   669 | D:1      | Reached XP level 3. HP: 29/29 MP: 3/3
   967 | D:2      | Reached skill level 4 in Maces & Flails
   981 | D:2      | HP: 1/29 [adder (5)]
  1224 | D:2      | XOM: harmless Conj miscast
  1228 | D:2      | Gained mutation: You are immune to clouds of flame. [demonic ancestry]
  1228 | D:2      | Reached XP level 4. HP: 24/35 MP: 4/4
  1454 | D:2      | Found a sacrificial altar of Ru.
  1543 | D:2      | Found a radiant altar of Vehumet.
  1547 | D:2      | XOM: smoke on damage
  1640 | D:2      | XOM: divination: detect items
  1729 | D:2      | XOM: mild Ice miscast
  1817 | D:3      | Found a faded altar of an unknown god.
  1937 | D:3      | Reached skill level 5 in Maces & Flails
  1944 | D:3      | XOM: smoke on damage
  2078 | D:3      | Gained mutation: A weak demonic guardian rushes to your aid. [demonic ancestry]
  2078 | D:3      | Reached XP level 5. HP: 18/41 MP: 5/5
  2360 | D:3      | XOM: divination: detect items
  2365 | D:3      | Found a burning altar of Makhleb.
  2366 | D:3      | Noticed a cacodemon
  2419 | D:3      | XOM: harmless Necr miscast
  2580 | D:3      | Noticed a centaur
  2580 | D:3      | XOM: potion effect (might)
  2587 | D:3      | Killed a centaur
  2587 | D:3      | Reached skill level 6 in Maces & Flails
  2741 | D:3      | XOM: silly message
  2863 | D:4      | Reached XP level 6. HP: 32/47 MP: 6/6
  2905 | D:4      | Found a sand-covered staircase.
  2911 | Ossuary  | Entered an ossuary
  2999 | Ossuary  | XOM: harmless Erth miscast
  3055 | Ossuary  | XOM: harmless Tmut miscast
  3162 | Ossuary  | XOM: cloud trail
  3209 | Ossuary  | Paralysed by you for 3 turns
  3251 | Ossuary  | XOM: divination: detect items
  3631 | D:4      | Found an iron altar of Okawaru.
  3671 | D:4      | Found Wimaor's General Store.
  3888 | D:4      | Reached skill level 7 in Maces & Flails
  4088 | D:5      | Entered Level 5 of the Dungeon
  4153 | D:5      | Found a hide-covered altar of Uskayaw.
  4185 | D:5      | Found Obihunere's General Store.
  4190 | D:5      | Found a shadowy altar of Dithmenos.
  4193 | D:5      | Bought a scroll of identify for 22 gold pieces
  4236 | D:5      | Found an opulent altar of Gozag.
  4331 | D:5      | Found a glowing silver altar of Zin.
  4332 | D:5      | Noticed an orc warrior
  4335 | D:5      | XOM: polymorph white imp -> crimson imp
  4341 | D:5      | XOM: scenery: 1 doors close
  4341 | D:5      | Killed an orc warrior
  4341 | D:5      | Reached XP level 7. HP: 38/52 MP: 7/7
  4400 | D:5      | XOM: give mutation
  4400 | D:5      | Gained mutation: You tend to lose your temper in combat. [Xom's mischief]
  4740 | D:5      | XOM: scenery: create altars
  4754 | D:5      | Found a blossoming altar of Fedhas.
  4754 | D:5      | Found an ancient bone altar of Kikubaaqudgha.
  4760 | D:5      | Found a deep blue altar of Sif Muna.
  4762 | D:5      | Found a shattered altar of Ashenzari.
  4769 | D:5      | Found a faded altar of an unknown god.
  4882 | D:5      | XOM: noise
  4926 | D:5      | XOM: confuse monster(s)
  4937 | D:5      | Reached skill level 8 in Maces & Flails
  5054 | D:6      | XOM: mild Conj miscast
  5099 | D:6      | XOM: cloud trail
  5177 | D:6      | Paralysed by you for 5 turns
  5237 | D:6      | Mangled by an orc warrior

Skill      XL: |  1  2  3  4  5  6  7 |
---------------+----------------------+-----
Maces & Flails | 3 4 5 6 7 8 |  8.3
Fighting       | |  3.0
Armour         | |  1.7
Dodging        | |  0.8

Action                   |  1- 3 |  4- 6 |  7- 9 || total
-------------------------+-------+-------+-------++-------
Melee: Mace              |    96 |   267 |    95 ||   458
  Use: Potion            |     2 |       |       ||     2
       Scroll            |     1 |    21 |     2 ||    24
 Stab: Invisible         |     1 |       |     1 ||     2
       Sleeping          |       |     2 |       ||     2
       Distracted        |       |     1 |       ||     1
       Paralysed         |       |     5 |       ||     5
       Petrifying        |       |     1 |       ||     1
       Petrified         |       |       |     3 ||     3
  Eat: Chunk             |     1 |     7 |     3 ||    11
       Royal jelly       |       |     1 |       ||     1
       Fruit             |       |     1 |       ||     1
Armor: Leather armour    |    31 |   114 |    44 ||   189
Dodge: Dodged            |    68 |   152 |    51 ||   271
